 Dungeon Crawl Stone Soup version 0.18-a0-1797-gc18daef (webtiles) character file.

828 4thArraOfDagon the Bolt Thrower (level 7, 0/50 HPs)
             Began as a Mummy Hunter on Apr 22, 2016.
             Was a Believer of Makhleb.
             Slain by a spriggan baker
             ... wielding a +0 dagger
              (6 damage)
             ... on level 7 of the Dungeon.
             The game lasted 00:15:34 (3519 turns).

4thArraOfDagon the Bolt Thrower (Mummy Hunter)      Turns: 3519, Time: 00:15:35

Health: 0/50       AC:  5    Str: 15    XL:     7   Next: 65%
Magic:  0/7        EV: 11    Int: 12    God:    Makhleb [**....]
Gold:   178        SH:  0    Dex: 13    Spells: 0 memorised, 6 levels left

rFire  x . .     SeeInvis .     e - +0 quarterstaff
rCold  + + .     Gourm    .     f - +0 ring mail
rNeg   + + +     Faith    .     (shield currently unavailable)
rPois  ∞         Spirit   +     (no helmet)
rElec  .         Dismiss  .     (no cloak)
rCorr  .         Reflect  .     (no gloves)
SustAt .         Harm     .     (no boots)
MR     .....                    g - amulet of guardian spirit
Stlth  +.........               j - ring of protection from cold
                                o - ring of wizardry

@: not resistant to hostile enchantments, very unstealthy
A: no food or potions, fire vulnerability, cold resistance 1, negative energy
resistance 3, torment resistance, unbreathing
a: Minor Destruction, Renounce Religion


You were on level 7 of the Dungeon.
You worshipped Makhleb.
Makhleb was pleased with you.
You were not hungry.

You visited 1 branch of the dungeon, and saw 8 of its levels.

You collected 178 gold pieces.

Inventory:

Hand Weapons
 a - a +1 hand crossbow
 e - a +0 quarterstaff (weapon)
Missiles
 d - 5 bolts
 m - 5 exploding tomahawks (quivered)
Armour
 f - a +0 ring mail (worn)
 k - a +0 chain mail
Jewellery
 c - a +2 ring of intelligence
 g - an amulet of guardian spirit (around neck)
 j - a ring of protection from cold (right hand)
 o - a ring of wizardry (left hand)
Wands
 h - a wand of random effects (20/48)
 u - a wand of polymorph (0/24)
Scrolls
 b - 3 scrolls of teleportation {unknown}
 i - a scroll of noise {unknown}
 l - a scroll of recharging
 n - a scroll of fog {unknown}
 p - 3 scrolls of random uselessness {unknown}
 q - a scroll of magic mapping {unknown}
 r - a scroll of amnesia {unknown}
 s - a scroll of remove curse
 t - 2 scrolls of enchant armour {unknown}


   Skills:
 - Level 2.2 Fighting
 * Level 4.8 Staves
 - Level 6.0 Crossbows
 - Level 1.5 Dodging
 - Level 0.7 Stealth


You had 6 spell levels left.
You didn't know any spells.

Dungeon Overview and Level Annotations

Branches:
Dungeon (8/15)             Temple (0/1) D:5
   Lair: D:8-11

Altars:
Dithmenos
Elyvilon
Fedhas
Makhleb
Trog
Xom
Yredelemnul
Zin
The Shining One

Shops:
D:6 %

Annotations:
D:3 Grinder; Terence; macross's ghost, amateur SpAs
D:5 Eustachio
D:7 Prince Ribbit


Innate Abilities, Weirdness & Mutations

You do not eat or drink.
Your flesh is vulnerable to fire.
You are immune to poison.
Your flesh is cold resistant.
You are immune to negative energy.
You are immune to unholy pain and torment.
You can survive without breathing.


Message History

You hear a croak.
Something hits you but does no damage.
You hear a distant slurping noise.
Unknown command.
Evoke which item? (* to show all) (? for menu, Esc to quit)
Zapping:
h - a wand of random effects (23/48)
Press: ? - help, Shift-Dir - straight line Nothing appears to happen.
This wand has 22 charges left.
Something hits you but does no damage. x2
Evoke which item? (* to show all) (? for menu, Esc to quit)
Zapping:
h - a wand of random effects (22/48)
Press: ? - help, Shift-Dir - straight line Nothing appears to happen.
This wand has 21 charges left.
Something completely misses you.
Unknown command.
Evoke which item? (* to show all) (? for menu, Esc to quit)
Zapping:
h - a wand of random effects (21/48)
Press: ? - help, Shift-Dir - straight line This wand has 20 charges left.
Something hits you!
You die...

..............#
#.##.##.#
.%............#
#!#...#..
.......#+#.##.#
#........ ######.#
..##### #.#....#. #+#
#.#%%#########.##.....
.....
#.#.#.......'.....#..
....
#..#[#######..##...#
... #{#.# #..#..... ..
#.@.# #........ .
##### ##.#...#.
#.##.##. ## #.. ... .+
### .... ## ####


There were no monsters in sight!

Vanquished Creatures
  A sky beast (D:4)
  An ice beast (D:7)
  An ogre (D:4)
  A centaur (D:5)
  A wight (D:6)
  2 hounds
  A giant frog skeleton (D:4)
  A centaur skeleton (D:5)
  6 worker ants
  4 gnolls (D:2)
  3 adders
  An ooze (D:4)
  An adder skeleton (D:4)
  2 worms
  A dart slug (D:4)
  6 giant geckos
  7 orcs
  6 bats
  5 giant cockroaches
  3 goblins
  2 hobgoblins (D:1)
  16 jackals
  2 quokkas
  3 ball pythons
  A giant gecko skeleton (D:4)
  A giant gecko zombie (D:7)
  4 giant newts
  A jackal skeleton (D:4)
  6 kobolds
  4 rats
94 creatures vanquished.

Vanquished Creatures (others)
  A quokka (D:5)
1 creature vanquished.

Grand Total: 95 creatures vanquished

Notes
Turn   | Place    | Note
--------------------------------------------------------------
     0 | D:1      | 4thArraOfDagon the Mummy Hunter began the quest for the Orb.
     0 | D:1      | Reached XP level 1. HP: 16/16 MP: 1/1
   232 | D:1      | Reached XP level 2. HP: 22/22 MP: 0/2
   372 | D:2      | Found a glowing golden altar of the Shining One.
   376 | D:2      | Noticed an angel
   381 | D:2      | Found a basalt altar of Yredelemnul.
   383 | D:2      | Noticed a profane servitor
   429 | D:3      | Found a faded altar to an unknown god.
   434 | D:3      | Noticed Grinder
   460 | D:4      | Reached skill level 4 in Crossbows
   464 | D:4      | Reached XP level 3. HP: 10/27 MP: 1/3
   700 | D:4      | Reached XP level 4. HP: 26/33 MP: 4/4
   783 | D:3      | Noticed macross's ghost (amateur SpAs)
   795 | D:4      | Reached skill level 5 in Crossbows
   830 | D:4      | Reached XP level 5. HP: 14/38 MP: 3/5
   862 | D:4      | Found a bloodstained altar of Trog.
  1029 | D:4      | Noticed an ogre
  1069 | D:4      | Killed an ogre
  1182 | D:5      | Entered Level 5 of the Dungeon
  1182 | D:5      | Noticed Eustachio
  1284 | D:4      | Reached skill level 6 in Crossbows
  1284 | D:4      | Reached XP level 6. HP: 36/44 MP: 4/6
  1444 | D:4      | Noticed a sky beast
  1463 | D:3      | Noticed Terence
  1469 | D:2      | Found a shimmering altar of Xom.
  1469 | D:2      | Found a glowing silver altar of Zin.
  1469 | D:2      | Noticed an angel
  1485 | D:2      | Found a shadowy altar of Dithmenos.
  1488 | D:2      | Found a burning altar of Makhleb.
  1505 | D:2      | Found a blossoming altar of Fedhas.
  1594 | D:2      | Reached skill level 1 in Staves
  1706 | D:2      | Became a worshipper of Makhleb the Destroyer
  2054 | D:1      | Reached * piety under Makhleb
  2645 | D:2      | You fall through a shaft!
  2688 | D:4      | Killed a sky beast
  2739 | D:5      | Reached XP level 7. HP: 22/50 MP: 3/7
  2897 | D:5      | Found a staircase to the Ecumenical Temple.
  2906 | D:5      | Found a white marble altar of Elyvilon.
  2928 | D:6      | Reached ** piety under Makhleb
  3217 | D:6      | Found Offen's Food Shop.
  3248 | D:7      | Noticed Prince Ribbit
  3505 | D:7      | Noticed a spriggan baker
  3519 | D:7      | Slain by a spriggan baker

Vault maps used:
D:1:      minmay_arrival_arboretum_small
D:2:      grunt_temple_overflow_order_and_chaos_1,
          grunt_temple_overflow_holy_war, grunt_dithmenos_smoke,
          lemuel_crystal_altar, first_bread, fedhas_altar_1
D:3:      ecumenical_altar_2, uniq_jessica, uniq_crazy_yiuf_cottage,
          uniq_terence, uniq_grinder
D:4:      lightli_temple_of_fire
D:5:      grunt_temple_overflow_opulence, elyvilon_altar_4,
          minmay_temple_entry_statues_fountains, uniq_eustachio
D:6:      lemuel_ratsnest, ashenzari_conservatory_becter, serial_shops,
          nicolae_shop_trees, nicolae_lava_and_water, kennysheep_generic_room_4,
          uniq_duvessa
D:7:      the_bakery, hangedman_decor_clover_reticule, uniq_prince_ribbit1
D:8:      minmay_radiant

Skill      XL: |  1  2  3  4  5  6  7 |
---------------+----------------------+-----
Crossbows      | 4 5 6 |  6.0
Staves         | 3 4 |  4.8
Fighting       | |  2.2
Dodging        | |  1.5
Stealth        | |  0.7

Action                   |  1- 3 |  4- 6 |  7- 9 || total
-------------------------+-------+-------+-------++-------
Melee: Short sword       |    19 |    49 |       ||    68
       Quarterstaff      |       |   129 |    45 ||   174
 Fire: Hand crossbow     |    40 |    66 |    16 ||   122
Throw: Throwing net      |       |     1 |     1 ||     2
Evoke: Wand              |       |       |    18 ||    18
  Use: Scroll            |     1 |     5 |     2 ||     8
Armor: Ring mail         |     7 |   101 |    34 ||   142
Dodge: Dodged            |    29 |   191 |    49 ||   269
